 Dungeon Crawl Stone Soup version 0.21-a0-215-g0631661 (console) character file.

6179 sanka the Covert (level 10, -10/51 HPs)
             Began as a Spriggan Enchanter on Sept 11, 2017.
             Was an Elder of Dithmenos.
             Mangled by a two-headed ogre
             ... wielding a +0 giant club
              (16 damage)
             ... on level 9 of the Dungeon.
             The game lasted 00:21:59 (9767 turns).

sanka the Covert (Spriggan Enchanter)               Turns: 9767, Time: 00:21:59

Health: -10/51     AC:  6    Str:  4    XL:     10   Next: 60%
Magic:  17/17      EV: 25    Int: 21    God:    Dithmenos [****..]
Gold:   489        SH:  0    Dex: 23    Spells: 11/17 levels left

rFire    . . .     SeeInvis +   a - +1 dagger
rCold    . . .     Gourm    .   (shield restricted)
rNeg     + . .     Faith    .   j - +1 robe {rN+}
rPois    .         Spirit   .   (helmet restricted)
rElec    .         Reflect  .   F - +2 cloak
rCorr    .         Harm     .   (gloves unavailable)
MR       +....                  (boots unavailable)
Stlth    ++++++++..             (no amulet)
HPRegen  0.17/turn              v - +3 ring of dexterity
MPRegen  0.15/turn              p - +4 ring of dexterity

@: wreathed by umbra, very quick
A: unfitting armour, see invisible, herbivore 3, speed 3, slow metabolism 2
a: Shadow Step, Renounce Religion


You were on level 9 of the Dungeon.
You worshipped Dithmenos.
Dithmenos was greatly pleased with you.
You were full.

You visited 1 branch of the dungeon, and saw 10 of its levels.
You also visited: Sewer.

You collected 489 gold pieces.


Innate Abilities, Weirdness & Mutations

You are very small and have problems with some larger weapons.
You are too small for most types of armour.
You have supernaturally acute eyesight. (SInv)
You are a herbivore.
You cover ground extremely quickly.
You need consume almost no food.


   Skills:
 - Level 5.0 Fighting
 - Level 9.0 Short Blades
 - Level 8.0 Dodging
 + Level 12.3 Stealth
 - Level 4.0 Spellcasting
 - Level 9.0 Hexes
 - Level 4.0 Invocations


You had 11 spell levels left.
You knew the following spells:

 Your Spells              Type           Power        Failure   Level  Hunger
x - Confuse               Hex            #####...     1%          3    ###....
z - Ensorcelled Hibernat  Hex/Ice        ###...       2%          2    #......
Z - Corona                Hex            #####..      1%          1    None

Inventory:

Hand Weapons
 a - a +1 dagger (weapon)
 n - a +0 lajatang
 A - a +0 dagger of holy wrath
 J - the +3 war axe of Mandamus {chop, Int+2}

   It inflicts extra damage upon your enemies.
   It affects your intelligence (+2).
 L - a +2 dagger
Missiles
 K - 2 throwing nets {=f}
Armour
 j - a +1 robe of positive energy (worn)
 F - a +2 cloak (worn)
Jewellery
 p - a +4 ring of dexterity (right hand)
 q - an uncursed ring of teleportation
 v - a +3 ring of dexterity (left hand)
 w - an uncursed ring of resist corrosion
Wands
 c - a wand of confusion (37/48)
 y - a wand of acid (4/15)
 z - a wand of paralysis (4/24)
 D - a wand of confusion (27/48)
 M - a wand of iceblast (12/15)
Scrolls
 b - 4 scrolls of fog
 e - 4 scrolls of amnesia
 f - 3 scrolls of recharging
 h - 3 scrolls of enchant armour
 m - 4 scrolls of enchant weapon
 r - a scroll of fear
 x - 2 scrolls of teleportation
 H - a scroll of immolation {unknown}
 I - 3 scrolls of blinking {unknown}
Potions
 g - 2 potions of brilliance
 i - 8 potions of curing
 k - a potion of invisibility {unknown}
 l - a potion of mutation {unknown}
 o - 2 potions of magic {unknown}
 s - a potion of degeneration {unknown}
 t - 2 potions of berserk rage {unknown}
 u - a potion of agility {unknown}
 B - 3 potions of haste
 C - 2 potions of might {unknown}
 E - a potion of resistance
 G - a potion of lignification {unknown}
 N - 2 potions of cancellation {unknown}
 P - 2 potions of ambrosia {unknown}
Comestibles
 d - 10 bread rations
 Q - a royal jelly

Dungeon Overview and Level Annotations

Branches:
Dungeon (10/15)            Temple (0/1) D:5             Orc (0/2) D:9
   Lair: D:8-11

Altars:
Dithmenos
Hepliaklqana
Okawaru
Qazlal
Sif Muna
Trog
Xom

Shops:
D:9

* ...▒ ▒..........▒ ...▒
▒..........▒ ...▒
▒..........▒▒ ...▒
▒........▒..▒ ...▒
▒........▒..▒ ▒▒▒▒
▒........▒▒.▒
▒........▒▒.▒▒
▒........▒▒.O▒
▒..........i>▒
▒........▒▒▒▒▒▒▒▒▒
▒▒▒▒▒▒................▒
...............▒▒▒▒▒▒.▒
▒▒▒▒▒▒........▒▒▒▒▒▒▒.▒▒▒
.....▒..................▒
▒▒▒.▒▒▒▒▒▒...▒▒▒▒▒▒▒▒.▒.▒
▒ ▒.▒ ▒...▒ ▒.▒.▒ ▒ ▒.▒
▒...▒ ▒.▒.▒


You could see a two-headed ogre.


Message History

You climb upwards.
There is a stone staircase leading down here.
The wyvern completely misses you.
The wyvern hisses menacingly.
Casting: Ensorcelled Hibernation
Confirm with . or Enter, or press ? or * to list all spells.
Aiming: Ensorcelled Hibernation
Press: ? - help, Shift-Dir - straight line, f - wyvern
Aim: a wyvern (umbra, chance to defeat MR: 52%)
The wyvern looks drowsy...
The helpless wyvern fails to defend itself.
You spit the wyvern like a pig!!!!
You kill the wyvern!
Dithmenos accepts your kill.
You start resting.
Magic restored.
There is a stone staircase leading down here.
You climb downwards.
The two-headed ogre hits you with a giant club!
The two-headed ogre misses you.
The two-headed ogre hits you with a giant club!!
* * * LOW HITPOINT WARNING * * *
The two-headed ogre completely misses you.
There is a stone staircase leading up, spattered with blood here.
You climb upwards.
There is a stone staircase leading down here.
The two-headed ogre hits you with a giant club!
* * * LOW HITPOINT WARNING * * *
The two-headed ogre hits you with a giant club!
You die...

Action                   |  1- 3 |  4- 6 |  7- 9 | 10-12 || total
-------------------------+-------+-------+-------+-------++-------
Melee: Dagger            |    68 |   183 |   136 |    39 ||   426
 Cast: Corona            |     2 |       |       |       ||     2
       Ensorcelled Hiber |     6 |    63 |    79 |    26 ||   174
       Confuse           |       |       |    14 |     5 ||    19
  Use: Scroll            |       |     8 |     5 |     1 ||    14
 Stab: Sleeping          |    10 |    52 |    63 |    23 ||   148
       Confused          |       |       |    12 |     3 ||    15
       Distracted        |       |       |     4 |       ||     4
  Eat: Royal jelly       |       |     2 |     4 |       ||     6
       Bread ration      |       |       |       |     1 ||     1
Armor: Robe              |    10 |    27 |    15 |     3 ||    55
Dodge: Dodged            |    60 |   138 |   107 |    37 ||   342

Vault maps used:
D:1:      scummos_arrival_hexagon, minmay_misc_feat_ornament
D:3:      regret_index_temple_of_mockery, minitemple,
          chequers_ecumenical_altar_simple_redux, portal_sewer_entry_d,
          uniq_ijyb
D:4:      first_bread, interstate_on_off
D:5:      minmay_temple_entry_junction_2, trog_wizard
D:6:      overflow_temple_1_default, uniq_grinder
D:7:      basic_altar, st_stairs_6, hangedman_decor_peaks_small, grunt_ogre_cave
D:8:      uniq_prince_ribbit1
D:9:      david_orc_4, serial_shops, kennysheep_mini
D:10:     erik_lair_dragon, serial_shops, kennysheep_mini_moat, st_stairs_1
Sewer:    sewer_frog_island_01

Notes
Turn   | Place    | Note
-------+----------+-------------------------------------------
     0 | D:1      | sanka the Spriggan Enchanter began the quest for the Orb.
     0 | D:1      | Reached XP level 1. HP: 9/9 MP: 5/5
   301 | D:1      | Reached XP level 2. HP: 13/13 MP: 6/6
   305 | D:1      | Learned a level 2 spell: Ensorcelled Hibernation
   411 | D:1      | Reached skill level 2 in Short Blades
   420 | D:1      | HP: 1/13 [goblin (2)]
   424 | D:1      | Reached skill level 5 in Stealth
   952 | D:2      | You fall through a shaft for 2 floors!
   995 | D:3      | Found a faded altar of an unknown god.
  1076 | D:3      | Reached XP level 3. HP: 16/16 MP: 8/8
  1081 | D:3      | Learned a level 3 spell: Confuse
  1109 | D:3      | Found a hazy altar of Hepliaklqana.
  1110 | D:3      | Found a shimmering altar of Xom.
  1110 | D:3      | Noticed an unseen horror
  1111 | D:3      | Noticed a spectral ugly thing
  1111 | D:3      | Noticed an unseen horror
  1347 | D:3      | Reached skill level 3 in Short Blades
  1347 | D:3      | Reached skill level 6 in Stealth
  1363 | D:3      | Reached XP level 4. HP: 21/21 MP: 4/9
  1456 | D:3      | Found a glowing drain.
  1466 | Sewer    | Entered a sewer
  1622 | Sewer    | Noticed a bullfrog
  1626 | Sewer    | Noticed a bullfrog
  1632 | Sewer    | Killed a bullfrog
  1632 | Sewer    | Reached skill level 7 in Stealth
  1632 | Sewer    | Reached XP level 5. HP: 24/24 MP: 3/10
  1636 | Sewer    | Reached skill level 4 in Short Blades
  2563 | D:3      | Found a deep blue altar of Sif Muna.
  2567 | D:3      | Found a shadowy altar of Dithmenos.
  2589 | D:3      | Became a worshipper of Dithmenos the Shadowed
  2592 | D:3      | Found an iron altar of Okawaru.
  2639 | D:3      | Noticed Ijyb
  2648 | D:3      | Killed Ijyb
  3040 | D:2      | Reached skill level 8 in Stealth
  3075 | D:2      | Reached XP level 6. HP: 28/28 MP: 11/11
  3673 | D:4      | Reached skill level 5 in Short Blades
  3756 | D:4      | Reached skill level 3 in Spellcasting
  3860 | D:4      | Reached * piety under Dithmenos
  4038 | D:4      | Reached skill level 4 in Hexes
  4518 | D:5      | Entered Level 5 of the Dungeon
  4654 | D:5      | Found a staircase to the Ecumenical Temple.
  4836 | D:5      | Reached XP level 7. HP: 32/32 MP: 13/13
  4955 | D:5      | Reached skill level 4 in Spellcasting
  5091 | D:5      | Reached skill level 5 in Hexes
  5249 | D:5      | Found a bloodstained altar of Trog.
  5259 | D:5      | Noticed a wizard
  5262 | D:5      | Killed a wizard
  5394 | D:6      | Noticed Grinder
  5403 | D:6      | Killed Grinder
  5403 | D:6      | Reached ** piety under Dithmenos
  5403 | D:6      | Reached skill level 6 in Short Blades
  5403 | D:6      | Reached skill level 6 in Hexes
  5714 | D:6      | Found a stormy altar of Qazlal.
  6041 | D:7      | Reached skill level 7 in Hexes
  6041 | D:7      | Reached XP level 8. HP: 36/36 MP: 15/15
  6160 | D:6      | Reached skill level 7 in Short Blades
  6197 | D:7      | Reached skill level 8 in Hexes
  6412 | D:7      | Reached skill level 1 in Fighting
  6437 | D:7      | Found a stormy altar of Qazlal.
  6567 | D:7      | Reached skill level 4 in Dodging
  6678 | D:7      | Reached skill level 2 in Fighting
  6792 | D:7      | Got a crystal war axe
  6793 | D:7      | Identified the +3 war axe of Mandamus {chop, Int+2} (You found it on level 7 of the Dungeon)
  6807 | D:7      | Reached skill level 5 in Dodging
  7125 | D:8      | Reached skill level 9 in Hexes
  7125 | D:8      | Reached XP level 9. HP: 43/43 MP: 13/16
  7177 | D:8      | Noticed Prince Ribbit
  7229 | D:8      | Killed Prince Ribbit
  7229 | D:8      | Reached skill level 3 in Fighting
  7229 | D:8      | Reached skill level 6 in Dodging
  7430 | D:8      | Noticed a two-headed ogre
  7446 | D:8      | Killed a two-headed ogre
  7446 | D:8      | Reached skill level 4 in Fighting
  7446 | D:8      | Reached skill level 8 in Dodging
  7446 | D:8      | Reached skill level 2 in Invocations
  7454 | D:8      | Reached skill level 3 in Invocations
  7533 | D:8      | Reached *** piety under Dithmenos
  8301 | D:9      | Reached skill level 9 in Stealth
  8426 | D:9      | Reached XP level 10. HP: 51/51 MP: 17/17
  8444 | D:9      | Noticed a two-headed ogre
  8739 | D:9      | Reached skill level 4 in Invocations
  8825 | D:9      | Reached skill level 5 in Fighting
  8883 | D:9      | Reached **** piety under Dithmenos
  8967 | D:9      | Killed a two-headed ogre
  8967 | D:9      | Reached skill level 8 in Short Blades
  8967 | D:9      | Reached skill level 10 in Stealth
  9075 | D:9      | Reached skill level 11 in Stealth
  9178 | D:9      | Found Ajekiovvao's Assorted Antiques.
  9256 | D:9      | Found a staircase to the Orcish Mines.
  9615 | D:10     | Entered Level 10 of the Dungeon
  9620 | D:10     | Reached skill level 9 in Short Blades
  9628 | D:10     | Noticed a two-headed ogre
  9635 | D:10     | Reached skill level 12 in Stealth
  9767 | D:9      | Mangled by a two-headed ogre

Vanquished Creatures
  2 two-headed ogres
  A troll (D:9)
  Grinder (D:6)
  Prince Ribbit (D:8)
  3 yaks (D:10)
  A wyvern (D:9)
  A hungry ghost (D:9)
  A water moccasin (D:8)
  An ice beast (D:9)
  4 orc warriors (D:9)
  4 sky beasts
  4 ogres
  A centaur (D:8)
  7 bullfrogs
  A wyvern zombie (D:9)
  4 scorpions
  A wyvern skeleton (D:9)
  4 wights (D:8)
  2 bullfrog zombies
  2 quasits
  2 centaur zombies
  8 orc priests
  2 hounds
  A jelly (D:5)
  A bullfrog skeleton (D:8)
  Ijyb (D:3)
  2 iguanas
  11 orc wizards
  7 worker ants
  A hound zombie (D:7)
  A hound skeleton (D:5)
  A worker ant zombie (D:7)
  4 gnolls (D:8)
  8 adders
  An ooze (D:5)
  An adder skeleton (D:7)
  An adder zombie (D:5)
  2 worms (D:2)
  A dart slug (D:3)
  8 leopard geckos
  34 orcs
  6 bats
  8 giant cockroaches
  7 goblins
  4 hobgoblins
  4 kobolds
  3 quokkas
  4 ball pythons
  6 frilled lizards
  7 rats
193 creatures vanquished.

Vanquished Creatures (others)
  A wizard (D:5)
1 creature vanquished.

Grand Total: 194 creatures vanquished
